General information
- name: BNet
- type: Ladder team game (AT/RT)
- host: Battle.net
- saver: TAKEONME
map: FullScaleAssault
- players: 8
- length: 39:34
- speed: Fast
- version: 1.27 W3XP
- replay type: Public
» download(228 KB)
Players
team 1 (loser)
teez (
green | 24 APM | 582 actions | 24:30)
3 Paladin
1 Holy Light
2 Divine Shield
» actions
| Basic commands | 14 | |
| Build / train | 62 | |
| Enter build submenu | 27 | |
| Enter hero's abilities submenu | 3 | |
| Remove unit from queue | 3 | |
| Right click | 203 | |
| Select / deselect | 222 | |
| Use ability | 48 | |
582 total
» units
| Peasant | 24 | |
| Footman | 3 | |
| Gryphon Rider | 5 | |
| Knight | 1 | |
| Goblin Zeppelin | 1 | |
34 total
» upgrades
| Masonry | 3 | |
| Lumber Harvesting | 2 | |
| Swords | 2 | |
| Plating | 1 | |
| Storm Hammers | 1 | |
| Animal War Training | 1 | |
10 total
» buildings
| Farm | 8 | |
| Altar of Kings | 1 | |
| Barracks | 1 | |
| Scout Tower | 8 | |
| Arcane Vault | 1 | |
| Arcane Tower | 3 | |
| Lumber Mill | 1 | |
| Keep | 1 | |
| Castle | 1 | |
| Guard Tower | 2 | |
| Blacksmith | 1 | |
| Gryphon Aviary | 2 | |
30 total
» build order
00:38 Farm
01:07 Altar of Kings
01:15 Farm
01:23 Farm
01:53 Barracks
01:57 Scout Tower
02:06 Farm
02:26 Arcane Vault
02:39 Arcane Tower
02:47 Farm
03:18 Scout Tower
03:37 Scout Tower
03:54 Arcane Tower
04:46 Scout Tower
04:48 Scout Tower
04:50 Arcane Tower
05:23 Lumber Mill
05:40 Arcane Tower
07:22 Keep
08:28 Scout Tower
08:31 Scout Tower
09:50 Castle
10:29 Guard Tower
10:36 Scout Tower
11:10 Guard Tower
11:17 Blacksmith
11:26 Gryphon Aviary
11:32 Gryphon Aviary
12:33 Farm
13:16 Farm
14:43 Farm
» items
| Lesser Clarity Potion | 1 | |
| Boots of Speed | 1 | |
| Periapt of Vitality | 1 | |
| Orb of Fire | 1 | |
4 total
LLLLLLLLLLLL (
red | 89 APM | 3525 actions | 39:31)
10 Archmage
3 Summon Water Elemental
3 Brilliance Aura
1 Mass Teleport
3 Blizzard
» actions
| Assign group hotkey | 120 | |
| Basic commands | 102 | |
| Build / train | 249 | |
| ESC pressed | 2 | |
| Enter build submenu | 86 | |
| Enter hero's abilities submenu | 11 | |
| Give item / drop item | 5 | |
| Right click | 806 | |
| Select / deselect | 631 | |
| Select group hotkey | 1206 | |
| Use ability | 307 | |
3525 total
» units
| Peasant | 22 | |
| Footman | 11 | |
| Goblin Zeppelin | 12 | |
| Goblin Shredder | 4 | |
| Gryphon Rider | 5 | |
| Dragonhawk Rider | 3 | |
| Goblin Sapper | 1 | |
| Mortar Team | 2 | |
| Siege Engine | 1 | |
| Knight | 3 | |
64 total
» upgrades
| Swords | 3 | |
| Armor | 3 | |
| Masonry | 3 | |
| Animal War Training | 1 | |
| Storm Hammers | 1 | |
| Cloud | 1 | |
| Lumber Harvesting | 2 | |
| Plating | 3 | |
| Gunpowder | 3 | |
| Fragmentation Shards | 1 | |
| Barrage | 1 | |
| Flak Cannons | 1 | |
| Flying Machine Bombs | 1 | |
| Backpack | 1 | |
| Long Rifles | 1 | |
| Flare | 1 | |
| Defend | 1 | |
| Sorceress Training | 2 | |
| Priest Training | 2 | |
| Control Magic | 1 | |
| Magic Sentry | 1 | |
34 total
» buildings
| Barracks | 3 | |
| Altar of Kings | 1 | |
| Farm | 11 | |
| Arcane Vault | 2 | |
| Lumber Mill | 1 | |
| Blacksmith | 1 | |
| Keep | 5 | |
| Town Hall | 7 | |
| Scout Tower | 51 | |
| Castle | 3 | |
| Gryphon Aviary | 4 | |
| Arcane Tower | 11 | |
| Guard Tower | 70 | |
| Workshop | 4 | |
| Moon Well | 6 | |
| Arcane Sanctum | 1 | |
181 total
» build order
01:04 Barracks
01:06 Altar of Kings
01:12 Farm
01:19 Farm
01:22 Farm
01:58 Arcane Vault
02:01 Lumber Mill
02:25 Blacksmith
03:16 Farm
04:03 Keep
04:03 Keep
04:03 Keep
04:43 Town Hall
05:42 Scout Tower
06:11 Farm
06:52 Castle
06:53 Castle
06:53 Castle
07:24 Gryphon Aviary
07:40 Arcane Tower
07:40 Arcane Tower
07:40 Arcane Tower
08:23 Gryphon Aviary
09:47 Town Hall
09:50 Scout Tower
09:51 Scout Tower
09:52 Scout Tower
09:52 Scout Tower
09:54 Scout Tower
09:55 Scout Tower
10:47 Guard Tower
10:48 Guard Tower
10:48 Guard Tower
11:04 Scout Tower
11:05 Scout Tower
11:05 Scout Tower
11:06 Scout Tower
11:07 Scout Tower
11:09 Scout Tower
11:10 Scout Tower
11:24 Scout Tower
11:25 Scout Tower
11:27 Scout Tower
11:28 Scout Tower
11:35 Guard Tower
11:35 Guard Tower
11:35 Guard Tower
11:37 Guard Tower
11:37 Guard Tower
11:49 Guard Tower
11:50 Guard Tower
11:50 Guard Tower
12:01 Guard Tower
12:11 Guard Tower
12:11 Guard Tower
12:11 Guard Tower
12:12 Guard Tower
12:52 Scout Tower
12:53 Scout Tower
12:55 Scout Tower
12:56 Scout Tower
13:25 Guard Tower
13:25 Guard Tower
13:26 Guard Tower
13:28 Guard Tower
13:28 Guard Tower
13:29 Guard Tower
13:29 Guard Tower
13:53 Guard Tower
13:53 Guard Tower
13:55 Gryphon Aviary
13:56 Gryphon Aviary
14:33 Farm
14:34 Farm
14:35 Farm
14:52 Guard Tower
14:52 Guard Tower
14:52 Guard Tower
14:57 Scout Tower
14:59 Scout Tower
15:26 Guard Tower
15:26 Guard Tower
15:26 Guard Tower
16:46 Guard Tower
18:35 Workshop
18:36 Workshop
18:38 Workshop
18:39 Workshop
20:39 Town Hall
20:48 Scout Tower
20:48 Scout Tower
20:49 Scout Tower
20:51 Scout Tower
20:52 Scout Tower
20:53 Scout Tower
20:53 Scout Tower
20:55 Scout Tower
21:23 Guard Tower
21:23 Guard Tower
21:23 Guard Tower
21:24 Guard Tower
21:24 Guard Tower
21:29 Farm
21:29 Farm
21:42 Arcane Vault
21:55 Guard Tower
24:11 Moon Well
24:12 Moon Well
24:13 Moon Well
24:14 Moon Well
24:14 Moon Well
24:16 Moon Well
24:23 Scout Tower
24:25 Scout Tower
24:25 Scout Tower
24:34 Scout Tower
24:34 Scout Tower
24:35 Scout Tower
24:36 Scout Tower
24:37 Scout Tower
24:59 Farm
25:03 Barracks
25:05 Barracks
25:11 Guard Tower
25:11 Guard Tower
27:49 Town Hall
27:49 Scout Tower
27:50 Scout Tower
27:51 Scout Tower
27:52 Scout Tower
27:53 Scout Tower
28:17 Guard Tower
28:22 Town Hall
28:29 Town Hall
29:11 Guard Tower
29:11 Guard Tower
29:12 Guard Tower
29:13 Arcane Tower
29:13 Arcane Tower
29:15 Scout Tower
29:15 Guard Tower
29:15 Guard Tower
29:51 Guard Tower
29:51 Guard Tower
30:51 Town Hall
31:23 Scout Tower
31:25 Scout Tower
31:25 Scout Tower
31:26 Scout Tower
31:55 Arcane Tower
31:56 Guard Tower
31:56 Guard Tower
31:56 Guard Tower
32:02 Guard Tower
32:02 Guard Tower
32:02 Guard Tower
32:05 Scout Tower
32:34 Arcane Tower
32:34 Arcane Tower
32:34 Arcane Tower
33:18 Arcane Sanctum
» items
| Mechanical Critter | 6 | |
| Scroll of Regeneration | 5 | |
| Staff of Sanctuary | 1 | |
| Potion of Healing | 1 | |
| Periapt of Vitality | 1 | |
| Potion of Lesser Invulnerability | 1 | |
| Scroll of Town Portal | 2 | |
| Lesser Clarity Potion | 1 | |
18 total

»
OooBooOooBooOoo (
blue | 44 APM | 776 actions | 17:39)
4 Dark Ranger
1 Black Arrow
1 Life Drain
2 Silence
1 Priestess of the Moon
1 Trueshot Aura
1 Keeper of the Grove
1 Thorns Aura
» actions
| Assign group hotkey | 6 | |
| Basic commands | 117 | |
| Build / train | 71 | |
| ESC pressed | 1 | |
| Enter build submenu | 25 | |
| Enter hero's abilities submenu | 6 | |
| Give item / drop item | 3 | |
| Remove unit from queue | 1 | |
| Right click | 253 | |
| Select / deselect | 214 | |
| Select group hotkey | 25 | |
| Use ability | 54 | |
776 total
» units
| Wisp | 19 | |
| Archer | 13 | |
| Goblin Shredder | 1 | |
| Hippogryph | 6 | |
| Dryad | 5 | |
| Chimaera | 2 | |
46 total
» upgrades
| Strength of the Moon | 1 | |
| Hippogryph Taming | 1 | |
| Strength of the Wild | 1 | |
| Reinforced Hides | 1 | |
4 total
» buildings
| Ancient of War | 1 | |
| Moon Well | 8 | |
| Altar of Elders | 1 | |
| Tree of Life | 2 | |
| Hunter's Hall | 1 | |
| Ancient of Wonders | 1 | |
| Tree of Ages | 2 | |
| Ancient Protector | 3 | |
| Tree of Eternity | 1 | |
| Ancient of Wind | 1 | |
| Ancient of Lore | 1 | |
| Chimaera Roost | 2 | |
24 total
» build order
00:18 Ancient of War
00:30 Moon Well
01:17 Altar of Elders
01:38 Moon Well
03:06 Moon Well
04:25 Tree of Life
04:31 Hunter's Hall
04:36 Ancient of Wonders
05:35 Tree of Ages
05:35 Tree of Ages
05:40 Moon Well
05:51 Ancient Protector
06:27 Ancient Protector
06:30 Ancient Protector
07:09 Moon Well
08:27 Tree of Eternity
08:30 Ancient of Wind
08:34 Ancient of Lore
08:38 Moon Well
11:01 Moon Well
11:04 Chimaera Roost
11:10 Chimaera Roost
11:30 Moon Well
14:49 Tree of Life
» items
| Staff of Teleportation | 1 | |
| Dust of Appearance | 3 | |
| Scroll of Town Portal | 2 | |
6 total
J3lud (
purple | 29 APM | 647 actions | 22:02)
5 Demon Hunter
3 Evasion
2 Mana Burn
» actions
| Basic commands | 39 | |
| Build / train | 76 | |
| Enter build submenu | 19 | |
| Enter hero's abilities submenu | 5 | |
| Remove unit from queue | 1 | |
| Right click | 186 | |
| Select / deselect | 270 | |
| Use ability | 51 | |
647 total
» units
| Wisp | 29 | |
| Archer | 7 | |
| Giant Sea Turtle | 1 | |
| Mur'gul Snarecaster | 1 | |
| Chimaera | 7 | |
| Hippogryph | 14 | |
59 total
» upgrades
| Strength of the Wild | 3 | |
| Reinforced Hides | 2 | |
| Corrosive Breath | 1 | |
6 total
» buildings
| Altar of Elders | 1 | |
| Moon Well | 7 | |
| Ancient of War | 1 | |
| Hunter's Hall | 1 | |
| Tree of Ages | 1 | |
| Tree of Life | 2 | |
| Tree of Eternity | 1 | |
| Ancient of Wind | 1 | |
| Chimaera Roost | 2 | |
| Ancient Protector | 2 | |
19 total
» build order
00:10 Altar of Elders
00:20 Moon Well
00:34 Ancient of War
01:34 Moon Well
02:11 Moon Well
02:49 Hunter's Hall
03:32 Tree of Ages
04:56 Tree of Life
06:07 Moon Well
06:45 Tree of Eternity
06:49 Ancient of Wind
07:56 Moon Well
09:39 Chimaera Roost
09:43 Chimaera Roost
12:12 Tree of Life
12:47 Ancient Protector
12:49 Ancient Protector
13:42 Moon Well
16:58 Moon Well
» items
team 2 (winner)
LOL-TOD-HOWARD- (
pink | 42 APM | 1656 actions | 39:31)
4 Blademaster
2 Wind Walk
2 Critical Strike
4 Shadow Hunter
2 Hex
2 Healing Wave
» actions
| Assign group hotkey | 75 | |
| Basic commands | 68 | |
| Build / train | 58 | |
| Enter build submenu | 29 | |
| Enter hero's abilities submenu | 8 | |
| Give item / drop item | 7 | |
| Right click | 573 | |
| Select / deselect | 336 | |
| Select group hotkey | 403 | |
| Use ability | 99 | |
1656 total
» units
| Peon | 15 | |
| Wind Rider | 6 | |
| Goblin Zeppelin | 2 | |
| Goblin Shredder | 1 | |
| Goblin Sapper | 6 | |
30 total
» upgrades
| Reinforced Defenses | 1 | |
| Envenomed Spears | 1 | |
| Ranged Weapons | 2 | |
| Armor | 2 | |
6 total
» buildings
| Altar of Storms | 1 | |
| Orc Burrow | 6 | |
| Voodoo Lounge | 1 | |
| War Mill | 1 | |
| Stronghold | 3 | |
| Beastiary | 4 | |
| Fortress | 1 | |
| Great Hall | 2 | |
| Watch Tower | 35 | |
54 total
» build order
00:08 Altar of Storms
00:21 Orc Burrow
00:50 Voodoo Lounge
01:48 War Mill
02:09 Stronghold
02:34 Stronghold
02:58 Orc Burrow
02:59 Orc Burrow
02:59 Orc Burrow
04:57 Beastiary
04:59 Beastiary
06:29 Fortress
08:02 Great Hall
08:13 Watch Tower
08:14 Watch Tower
09:15 Watch Tower
09:48 Watch Tower
10:03 Watch Tower
10:19 Great Hall
10:22 Watch Tower
10:22 Watch Tower
10:23 Watch Tower
10:27 Watch Tower
10:53 Watch Tower
11:04 Watch Tower
11:08 Watch Tower
11:26 Watch Tower
11:30 Watch Tower
12:01 Watch Tower
12:27 Watch Tower
12:27 Watch Tower
12:28 Watch Tower
12:28 Watch Tower
12:29 Watch Tower
12:29 Watch Tower
12:30 Watch Tower
13:16 Watch Tower
13:47 Beastiary
13:59 Watch Tower
14:18 Watch Tower
14:19 Watch Tower
14:20 Watch Tower
14:21 Watch Tower
14:22 Watch Tower
14:25 Watch Tower
14:26 Watch Tower
16:00 Orc Burrow
16:02 Orc Burrow
16:49 Beastiary
16:54 Watch Tower
16:56 Watch Tower
16:57 Watch Tower
16:58 Watch Tower
» items
| Healing Salve | 2 | |
| Lesser Clarity Potion | 1 | |
| Staff of Teleportation | 2 | |
| Potion of Lesser Invulnerability | 1 | |
6 total
TAKEONME (
orange | 54 APM | 2148 actions | 39:34)
9 Blademaster
3 Wind Walk
3 Critical Strike
1 Bladestorm
2 Mirror Image
» actions
| Assign group hotkey | 31 | |
| Basic commands | 264 | |
| Build / train | 76 | |
| Enter build submenu | 51 | |
| Enter hero's abilities submenu | 9 | |
| Give item / drop item | 11 | |
| Remove unit from queue | 3 | |
| Right click | 743 | |
| Select / deselect | 448 | |
| Select group hotkey | 331 | |
| Use ability | 181 | |
2148 total
» units
| Peon | 8 | |
| Grunt | 6 | |
| Goblin Shredder | 2 | |
| Goblin Zeppelin | 4 | |
| Troll Batrider | 7 | |
| Goblin Sapper | 8 | |
| Blue Dragon | 2 | |
| Demolisher | 2 | |
39 total
» upgrades
| Reinforced Defenses | 1 | |
| Troll Regeneration | 1 | |
| Liquid Fire | 1 | |
| Ranged Weapons | 3 | |
| Armor | 3 | |
| Envenomed Spears | 1 | |
| Burning Oil | 1 | |
11 total
» buildings
| Orc Burrow | 4 | |
| Altar of Storms | 1 | |
| Barracks | 1 | |
| Voodoo Lounge | 2 | |
| Stronghold | 1 | |
| Great Hall | 2 | |
| War Mill | 2 | |
| Fortress | 1 | |
| Watch Tower | 43 | |
| Beastiary | 5 | |
62 total
» build order
00:13 Orc Burrow
00:55 Altar of Storms
00:56 Barracks
01:10 Orc Burrow
01:44 Voodoo Lounge
02:50 Stronghold
03:29 Orc Burrow
04:51 Great Hall
05:12 War Mill
05:52 Orc Burrow
07:05 Fortress
07:07 Watch Tower
07:08 Watch Tower
07:09 Watch Tower
07:09 Watch Tower
07:46 Watch Tower
07:46 Watch Tower
07:47 Watch Tower
09:50 Beastiary
09:50 Beastiary
09:51 Beastiary
09:52 Beastiary
09:56 Beastiary
10:01 War Mill
17:54 Great Hall
17:56 Watch Tower
17:56 Watch Tower
17:56 Watch Tower
17:57 Watch Tower
17:57 Watch Tower
18:24 Voodoo Lounge
18:28 Watch Tower
18:29 Watch Tower
18:29 Watch Tower
18:34 Watch Tower
18:34 Watch Tower
18:38 Watch Tower
18:39 Watch Tower
18:44 Watch Tower
18:45 Watch Tower
18:50 Watch Tower
18:51 Watch Tower
22:50 Watch Tower
22:50 Watch Tower
22:50 Watch Tower
22:51 Watch Tower
22:53 Watch Tower
22:53 Watch Tower
22:53 Watch Tower
22:55 Watch Tower
22:55 Watch Tower
22:56 Watch Tower
23:03 Watch Tower
23:03 Watch Tower
23:04 Watch Tower
23:05 Watch Tower
23:05 Watch Tower
23:07 Watch Tower
23:07 Watch Tower
23:08 Watch Tower
23:08 Watch Tower
23:10 Watch Tower
» items
| Healing Salve | 3 | |
| Scroll of Town Portal | 2 | |
| Lesser Clarity Potion | 2 | |
| Orb of Lightning | 1 | |
| Potion of Mana | 1 | |
| Staff of Teleportation | 1 | |
10 total
headbandkush (
teal | 35 APM | 1373 actions | 39:31)
7 Mountain King
3 Storm Bolt
3 Bash
1 Avatar
» actions
| Basic commands | 6 | |
| Build / train | 107 | |
| Enter build submenu | 50 | |
| Enter hero's abilities submenu | 7 | |
| Give item / drop item | 2 | |
| Remove unit from queue | 1 | |
| Right click | 582 | |
| Select / deselect | 522 | |
| Use ability | 96 | |
1373 total
» units
| Peasant | 15 | |
| Footman | 8 | |
| Knight | 20 | |
| Sorceress | 16 | |
59 total
» upgrades
| Swords | 3 | |
| Plating | 3 | |
| Lumber Harvesting | 2 | |
| Sorceress Training | 2 | |
| Masonry | 3 | |
| Animal War Training | 1 | |
14 total
» buildings
| Altar of Kings | 1 | |
| Barracks | 2 | |
| Farm | 11 | |
| Lumber Mill | 1 | |
| Keep | 1 | |
| Town Hall | 1 | |
| Blacksmith | 1 | |
| Scout Tower | 27 | |
| Guard Tower | 15 | |
| Castle | 1 | |
| Arcane Sanctum | 3 | |
| Arcane Tower | 3 | |
67 total
» build order
00:59 Altar of Kings
01:02 Barracks
01:10 Barracks
01:26 Farm
02:08 Farm
02:13 Lumber Mill
02:35 Farm
03:03 Farm
03:18 Farm
04:40 Keep
04:49 Town Hall
05:12 Blacksmith
05:51 Scout Tower
06:29 Scout Tower
06:49 Guard Tower
06:52 Scout Tower
07:16 Castle
07:56 Guard Tower
07:57 Scout Tower
07:59 Scout Tower
08:31 Arcane Sanctum
08:34 Arcane Sanctum
08:38 Guard Tower
08:46 Scout Tower
08:48 Guard Tower
08:48 Guard Tower
09:23 Arcane Sanctum
10:48 Guard Tower
10:51 Scout Tower
11:07 Farm
11:32 Scout Tower
11:33 Guard Tower
11:47 Farm
13:34 Farm
13:41 Guard Tower
13:44 Scout Tower
14:15 Farm
14:54 Farm
19:41 Scout Tower
19:42 Guard Tower
20:11 Guard Tower
20:14 Scout Tower
24:13 Guard Tower
24:16 Scout Tower
25:57 Farm
27:28 Guard Tower
27:30 Scout Tower
27:32 Scout Tower
27:34 Scout Tower
27:35 Scout Tower
27:38 Scout Tower
27:40 Scout Tower
27:43 Scout Tower
27:46 Scout Tower
28:04 Guard Tower
28:11 Guard Tower
28:13 Scout Tower
28:15 Scout Tower
28:17 Scout Tower
28:22 Scout Tower
28:25 Scout Tower
28:29 Scout Tower
28:30 Scout Tower
28:32 Guard Tower
28:43 Arcane Tower
28:45 Arcane Tower
28:52 Arcane Tower
» items
| Healing Salve | 1 | |
| Potion of Lesser Invulnerability | 2 | |
| Scroll of Town Portal | 1 | |
| Potion of Healing | 1 | |
5 total

»
RAGING.NERD (
yellow | 60 APM | 2197 actions | 36:20)
6 Blademaster
2 Wind Walk
3 Critical Strike
1 Bladestorm
6 Shadow Hunter
2 Hex
3 Healing Wave
1 Big Bad Voodoo
» actions
| Assign group hotkey | 43 | |
| Basic commands | 4 | |
| Build / train | 86 | |
| ESC pressed | 4 | |
| Enter build submenu | 15 | |
| Enter hero's abilities submenu | 12 | |
| Remove unit from queue | 1 | |
| Right click | 1079 | |
| Select / deselect | 268 | |
| Select group hotkey | 600 | |
| Use ability | 83 | |
2197 total
» units
» upgrades
| Ranged Weapons | 3 | |
| Envenomed Spears | 1 | |
| Armor | 3 | |
7 total
» buildings
| Altar of Storms | 1 | |
| Orc Burrow | 8 | |
| Voodoo Lounge | 1 | |
| Stronghold | 3 | |
| War Mill | 1 | |
| Beastiary | 2 | |
| Fortress | 1 | |
| Great Hall | 2 | |
19 total
» build order
00:10 Altar of Storms
00:19 Orc Burrow
00:38 Voodoo Lounge
02:05 Stronghold
02:05 Stronghold
02:33 Orc Burrow
03:11 War Mill
03:26 Orc Burrow
04:27 Beastiary
04:30 Beastiary
04:42 Orc Burrow
07:32 Fortress
11:33 Great Hall
13:31 Orc Burrow
14:33 Orc Burrow
16:14 Orc Burrow
17:12 Orc Burrow
21:07 Great Hall
» items
| Healing Salve | 3 | |
| Lesser Clarity Potion | 4 | |
| Scroll of Speed | 2 | |
| Boots of Speed | 4 | |
| Scroll of Town Portal | 1 | |
| Orb of Lightning | 1 | |
| Potion of Lesser Invulnerability | 1 | |
16 total
Chat log
(00:06 / All) RAGING.NERD: LOL TOD HOWARD
(00:13 / All) LOL-TOD-HOWARD-: he funny dude
(00:26 / All) headbandkush: u funny dude
(00:31 / Allies) RAGING.NERD: rus these mofos
(00:42 / All) TAKEONME: TAKE ME ON... TAKE ON ME!
(01:02 / All) TAKEONME: for fuck sake
(01:05 / Allies) LOL-TOD-HOWARD-: scout choke points for towers
(01:16 / Allies) RAGING.NERD: just finish it
(01:16 / Allies) RAGING.NERD: rujsh
(01:22 / All) TAKEONME: fucking peon gets stacked with other peon and fucking stares at the damn tree till I move it
(01:27 / Allies) LOL-TOD-HOWARD-: lots of lvl 1's
(01:30 / Allies) LOL-TOD-HOWARD-: probably tower
(02:01 / All) RAGING.NERD: Barron trump plays wc3
(02:13 / All) LLLLLLLLLLLL: does he play 4v4
(02:21 / All) RAGING.NERD: Ya
(02:23 / All) TAKEONME: Barron 2028
(02:38 / Allies) headbandkush: we rushing
(02:52 / Allies) headbandkush: no rush
(04:18 / Allies) RAGING.NERD: wtf
(04:28 / Allies) LOL-TOD-HOWARD-: he troll?
(04:28 / Allies) headbandkush: he crazy
(04:44 / Allies) RAGING.NERD: wood
(05:49 / Allies) RAGING.NERD: WOOD
(06:04 / Allies) headbandkush: gold
(07:32 / Allies) headbandkush: yall gettin same units lol
(09:09 / Allies) LOL-TOD-HOWARD-: wood plz
(09:57 / Allies) LOL-TOD-HOWARD-: wood meyellow
(10:06 / Allies) LOL-TOD-HOWARD-: thx
(11:04 / Allies) TAKEONME: come take out blue expo with me
(11:16 / All) LOL-TOD-HOWARD-: is the shining the best scary movie of all time
(14:24 / All) TAKEONME: raped lol
(14:38 / All) TAKEONME: straight up molested blue
(15:03 / All) TAKEONME: BLUE
(15:05 / All) TAKEONME: I am the TRUTH
(15:08 / All) TAKEONME: and you can't handle the truth!
(15:33 / All) headbandkush: just mean
(15:38 / All) LLLLLLLLLLLL: Blue is a noob
(15:48 / All) LOL-TOD-HOWARD-: blue mhs
(15:55 / All) TAKEONME: blue got molested
(15:57 / All) LLLLLLLLLLLL: you play this scrub before?
(16:00 / All) LLLLLLLLLLLL: he hoards lumber too
(16:04 / All) TAKEONME: he hasn't been this violated since his gay dad raped him
(16:14 / All) LLLLLLLLLLLL: He also tks
(16:57 / All) LLLLLLLLLLLL: Blue can't even tk right
(17:00 / All) LLLLLLLLLLLL: absolutely useless player
(17:05 / All) LOL-TOD-HOWARD-: blue hacks
(17:06 / All) LLLLLLLLLLLL: whose only purpose is to give me lumber
(17:20 / All) TAKEONME: Green you ready? OPEN THAT BUTTHOLE UP WIDE
(17:37 / All) TAKEONME: Raped bitch
(17:39 / All) TAKEONME: RAPED
(19:16 / All) TAKEONME: MY DRAGON
(19:21 / All) TAKEONME: YOU WILL PAY
(19:38 / All) TAKEONME: DIE COCKSUCKER
(20:43 / All) LLLLLLLLLLLL: This game is full of tkers these days
(20:45 / All) LLLLLLLLLLLL: green tk me too
(21:01 / All) LLLLLLLLLLLL: 2 tkers my team this game
(21:03 / All) TAKEONME: YOU = DEAD PUSSY PURPLE
(21:08 / All) J3lud: F u
(21:08 / All) TAKEONME: YOU KILLED MY INNOCENT DRAGON
(21:09 / All) TAKEONME: NOW YOU PAY
(21:16 / All) TAKEONME: DRAGON WAS JUST CHILLIN
(21:18 / All) LOL-TOD-HOWARD-: f u purple
(21:19 / All) J3lud: fuck ur dragon
(21:22 / All) LOL-TOD-HOWARD-: i let him have that dragon
(21:27 / All) TAKEONME: TAH
(21:28 / All) TAKEONME: FUCK YOU!
(21:41 / Allies) RAGING.NERD: red hacks lol
(22:10 / All) LLLLLLLLLLLL: green pesky tker trash
(22:12 / All) LLLLLLLLLLLL: with 4 gryphons
(23:12 / Allies) TAKEONME: lumber
(23:36 / All) LLLLLLLLLLLL: I have so many tps I do
(23:39 / All) LLLLLLLLLLLL: and then do nothing
(23:44 / All) LLLLLLLLLLLL: even when I click them in time from ladder latency
(23:48 / Allies) RAGING.NERD: why pink
(23:48 / Allies) RAGING.NERD: tt
(23:56 / All) LOL-TOD-HOWARD-: mistake
(23:56 / All) LOL-TOD-HOWARD-: sorry
(24:07 / All) LOL-TOD-HOWARD-: thought red was ours
(24:51 / Allies) RAGING.NERD: u acting innocent lol
(24:56 / All) TAKEONME: THIEF
(24:57 / All) LOL-TOD-HOWARD-: dammit teal
(25:26 / All) LOL-TOD-HOWARD-: teal tking us
(25:29 / All) LOL-TOD-HOWARD-: took pednant
(25:43 / All) TAKEONME: DEATH TO THIEVES
(25:44 / Allies) headbandkush: you never get it
(25:53 / All) TAKEONME: DEATH TO THIEVES
(26:00 / Allies) headbandkush: i found it
(26:16 / All) TAKEONME: FINDERS =/= KEEPERS
(26:18 / All) TAKEONME: NOPW YOU PAY
(26:52 / All) LLLLLLLLLLLL: thanks for potion pink
(27:00 / All) LOL-TOD-HOWARD-: keep fucking thinking red is ours
(27:17 / Allies) RAGING.NERD: =/
(27:25 / Allies) LOL-TOD-HOWARD-: yellow u said
(27:29 / Allies) LOL-TOD-HOWARD-: u were stoned the other night
(27:39 / Allies) LOL-TOD-HOWARD-: on that barrens brown map
(28:04 / Allies) RAGING.NERD: yea
(28:05 / Allies) RAGING.NERD: prolly
(28:21 / Allies) RAGING.NERD: so shud we lost
(28:23 / Allies) RAGING.NERD: lose
(28:24 / Allies) RAGING.NERD: i mean
(28:25 / Allies) RAGING.NERD: leave
(28:26 / Allies) RAGING.NERD: i guesss
(28:38 / All) LLLLLLLLLLLL: gg noobs
(28:39 / All) LLLLLLLLLLLL: 1v4
(28:41 / Allies) LOL-TOD-HOWARD-: tavern rez
(28:42 / Allies) LOL-TOD-HOWARD-: teal
(29:42 / Allies) headbandkush: you cant win
(29:47 / All) LLLLLLLLLLLL: that block of towers is almost perfect enough to fit 1 cloud
(30:02 / All) LOL-TOD-HOWARD-: was gonna do love tap time
(31:04 / All) LOL-TOD-HOWARD-: luv tap time
(32:20 / All) LOL-TOD-HOWARD-: oj has 21k.....
(34:21 / All) RAGING.NERD: u guys sucking reds cock daily or what
(34:27 / All) RAGING.NERD: twice a day
(34:29 / All) LOL-TOD-HOWARD-: i want to
(34:31 / All) RAGING.NERD: thricE?
(34:32 / All) TAKEONME: only twice on sundays
(34:35 / All) LOL-TOD-HOWARD-: i am the girl in our relationship
(34:41 / All) LLLLLLLLLLLL: lol
(34:54 / All) LOL-TOD-HOWARD-: i also like naked pics of goku and naruto, but not chi-chi or sakura
(35:05 / All) headbandkush: asian fuck
(35:23 / All) RAGING.NERD: sadly wasnt even funny
(35:28 / All) RAGING.NERD: LawL
(35:35 / All) RAGING.NERD: this is new type of trolling
(35:37 / All) LOL-TOD-HOWARD-: suck ma dick stoner
(35:41 / All) RAGING.NERD: thats been going on lately
(35:44 / All) RAGING.NERD: but its just waste of time
(35:51 / All) LOL-TOD-HOWARD-: having fun is not a waste of time
(35:53 / All) LLLLLLLLLLLL: do you have an experience with it? what kind of trolling is it yellow?
(36:01 / All) LOL-TOD-HOWARD-: we have like a 99.9% win rec
(36:15 / All) RAGING.NERD: aint gonna waste my tIme cud careless lol
(36:20 / All) RAGING.NERD: Gg
(36:20 / All) LOL-TOD-HOWARD-: out
(36:22 / All) LOL-TOD-HOWARD-: out
(36:43 / All) headbandkush: crazy asian
(37:10 / All) LLLLLLLLLLLL: 558-618 now, one more loss probably not even a big deal to a noob on your level
(37:59 / All) TAKEONME: I wish mommy cocked me dindin
(38:07 / All) TAKEONME: cooked* LOL
(38:38 / All) TAKEONME: you there teal?
(39:10 / All) TAKEONME: teal you have 10 seconds to REPLY
(39:12 / All) TAKEONME: 9
(39:13 / All) TAKEONME: 8
(39:14 / All) TAKEONME: 7
(39:15 / All) TAKEONME: 6
(39:16 / All) TAKEONME: 5
(39:17 / All) TAKEONME: 4
(39:18 / All) TAKEONME: 3
(39:19 / All) TAKEONME: 2
(39:20 / All) TAKEONME: 1
(39:27 / All) TAKEONME: YOU ARE THE WEAKEST LINK, GOODBYE!